AoeStats
← Goldin555

MegaRandom

504803865Analyzed
1v1 RM · 26d ago on Sep 6, 2026· 23m 55s· 2 players
Game mode
Random Map
Map size
Tiny (2 player)
Population
200
Speed
Normal
Resources
Standard
Victory
Conquest
Starting age
Dark Age
Ending age
Imperial Age
RankedLock teamsTeams togetherTeam positionsShared explorationLock speedFull tech treeHidden civsTurbo modeCheats
Victory
Defeat
🇫🇷 Celts · France
887
+15
🇬🇷 Byzantines · Greece
859
-41
Goldin555
7:09 Loom
15:09 Feudal Age
16:25 Wheelbarrow
16:23 Man-at-Arms
eaglevic
10:41 Loom
12:27 Feudal Age
15:16 Scale Mail Armor
15:27 Double-Bit Axe
16:01 Man-at-Arms
19:51 Castle Age
17:34 Horse Collar
17:50 Gold Mining
20:49 Long Swordsman
Connection lost

Rejoining the realm…

Still unreachable

The connection could not be restored.

Session expired

The server has moved on; the page needs a fresh start.